 Dungeon Crawl Stone Soup version 0.29-a0-284-gf9362112df (webtiles) character file.

Game seed: 5409609946625039963

364 being54 the Cudgeller (level 6, -4/37 HPs)
             Began as a Gargoyle Fighter on Mar 21, 2022.
             Slain by a scorpion (6 damage)
             ... on level 4 of the Dungeon.
             The game lasted 00:05:06 (3130 turns).

being54 the Cudgeller (Gargoyle Fighter)            Turns: 3130, Time: 00:05:07

Health: -4/37      AC: 11    Str: 22    XL:     6   Next: 67%
Magic:  6/6        EV: 13    Int:  8    God:
Gold:   148        SH:  0    Dex:  9    Spells: 5/5 levels left

rFire   . . .      SeeInvis .   n - +0 dire flail
rCold   . . .      Faith    .   (shield currently unavailable)
rNeg    + + .      Spirit   .   b - +0 scale mail
rPois   ∞          Reflect  .   (no helmet)
rElec   +          Harm     .   (no cloak)
rCorr   .          Rampage  .   (no gloves)
Will    .....                   (no boots)
Stlth   ..........              (no amulet)
HPRegen 0.12/turn               h - +4 ring of evasion
MPRegen 0.10/turn               m - ring of positive energy

@: no status effects
A: sickness immunity, AC +4, negative energy resistance 1, electricity
resistance, torment resistance 1, petrification resistance
a: no special abilities


You were on level 4 of the Dungeon.
You visited 1 branch of the dungeon, and saw 4 of its levels.

You collected 148 gold pieces.

Inventory:

Hand Weapons
 n - a +0 dire flail (weapon)
 p - the +9 glaive of Rotation {vorpal, SInv}
   (You acquired it on level 3 of the Dungeon)

   It inflicts extra damage upon your enemies.
   SInv:      It lets you see invisible.
Armour
 b - a +0 scale mail (worn)
 c - a +0 buckler
Jewellery
 h - a +4 ring of evasion (left hand)
 m - a ring of positive energy (right hand)
Wands
 a - a wand of flame (19)
 f - a wand of iceblast (8)
Scrolls
 j - 3 scrolls of teleportation
 l - a scroll of immolation
 r - a scroll of identify
 s - a scroll of silence {unknown}
Potions
 d - a potion of might
 e - 2 potions of curing
 g - 2 potions of haste
 i - a potion of flight
 k - a potion of attraction {unknown}
 o - a potion of invisibility {unknown}
 q - a potion of lignification {unknown}
 t - a potion of brilliance {unknown}


   Skills:
 - Level 3.4 Fighting
 * Level 6.6 Maces & Flails
 - Level 3.4 Armour
 - Level 3.4 Shields


You had 5 spell levels left.
You didn't know any spells.
Your spell library was empty.

Dungeon Overview and Level Annotations

Branches:
Dungeon (4/15)
 Temple: D:4-7

Altars:
Cheibriados
Nemelex Xobeh


Innate Abilities, Weirdness & Mutations

You are immune to sickness and miasma.
Your stone body is resilient. (AC +4)
You are immune to poison.
You resist negative energy. (rN+)
You are resistant to electric shocks. (rElec)
You are resistant to unholy torment.
You are immune to petrification.


Message History

The scorpion stings you but does no damage.
The ufetubus hits you but does no damage.
The ufetubus hits you.
* * * LOW HITPOINT WARNING * * *
You barely miss the ufetubus. The iguana barely misses you.
The scorpion closely misses you. The ufetubus closely misses you.
The ufetubus misses you.
You hit the ufetubus but do no damage. The ufetubus closely misses you.
The ufetubus misses you. The scorpion barely misses you.
The iguana bites you but does no damage.
The ufetubus misses you. The ufetubus completely misses you.
You sock the ufetubus!
You kill the ufetubus!
The scorpion completely misses you. The iguana misses you.
The scorpion stings you but does no damage.
The iguana barely misses you. The scorpion stings you.
* * * LOW HITPOINT WARNING * * *
You closely miss the iguana.
The iguana bites you but does no damage.
The scorpion barely misses you.
You barely miss the iguana. The iguana bites you.
* * * LOW HITPOINT WARNING * * *
The scorpion stings you but does no damage.
You puncture the iguana!
The iguana is almost dead.
The scorpion barely misses you. The iguana completely misses you.
You thump the iguana!
You kill the iguana!
The scorpion misses you.
You closely miss the scorpion.
The scorpion is heavily wounded.
The scorpion barely misses you.
You closely miss the scorpion.
The scorpion is heavily wounded.
The scorpion stings you but does no damage.
You hit the scorpion.
The scorpion is severely wounded.
The scorpion stings you but does no damage.
The scorpion stings you.
You die...

...............
...............
...............
...............
...........
#####.......###
##...##.....##..
#.....##s@.##...
.....?.#...#....
..$...)'...'....)
.......#...#.....
#.....##...##...(
##...# #...# #...
##### #...# #####
##...###...###...##
##.....##...##.....##


You could see a scorpion.

Vanquished Creatures
  Grinder (D:3)
  Ijyb (D:3)
  An iguana (D:4)
  4 adders
  2 ufetubi (D:4)
  A worm (D:3)
  6 orcs (D:3)
  5 endoplasms
  4 giant cockroaches
  3 goblins
  5 hobgoblins
  2 quokkas
  3 ball pythons
  8 bats
  A frilled lizard (D:3)
  5 kobolds
  2 rats
54 creatures vanquished.

Notes
Turn   | Place    | Note
-------+----------+-------------------------------------------
     0 | D:1      | being54 the Gargoyle Fighter began the quest for the Orb.
     0 | D:1      | Reached XP level 1. HP: 14/14 MP: 1/1
   329 | D:1      | Reached XP level 2. HP: 18/19 MP: 2/2
  1076 | D:2      | Reached skill level 3 in Maces & Flails
  1076 | D:2      | Reached XP level 3. HP: 20/23 MP: 3/3
  1953 | D:3      | Found a sparkling altar of Nemelex Xobeh.
  1981 | D:3      | Reached XP level 4. HP: 28/28 MP: 4/4
  2044 | D:3      | Noticed Grinder
  2059 | D:3      | Killed Grinder
  2060 | D:3      | Reached skill level 6 in Maces & Flails
  2060 | D:3      | Reached XP level 5. HP: 16/32 MP: 5/5
  2060 | D:3      | Reached XP level 6. HP: 19/37 MP: 6/6
  2209 | D:3      | Identified a scroll of acquirement
  2209 | D:3      | Acquired the +9 glaive of Rotation {vorpal, SInv}
  2253 | D:3      | Noticed Ijyb
  2258 | D:3      | Killed Ijyb
  2648 | D:3      | Found a snail-covered altar of Cheibriados.
  3044 | D:4      | Identified the +7 falchion "Mymar" {vamp, Int+4 Stlth+}
  3130 | D:4      | Slain by a scorpion

Illustrated notes

Levels and vault maps discovered:
D:1:      eino_arrival_water_star, layout_basic, item_on_display_a
D:2:      layout_basic, kennysheep_pointless_box, minivault_11,
          minmay_strange_pillars, kennysheep_generic_room_2
D:3:      layout_loops_ring, cheibrodos_worm_habitat, nemelex_dance_club_becter,
          uniq_grinder, uniq_ijyb
D:4:      kennysheep_six_static_rooms, layout_cave_pods

Skill      XL: |  1  2  3  4 |
---------------+-------------+-----
Maces & Flails | 3 6 |  6.6
Fighting       | |  3.4
Armour         | |  3.4
Shields        | |  3.4

Action                   |  1- 3 |  4- 6 || total
-------------------------+-------+-------++-------
Melee: Flail             |    78 |       ||    78
       Dire flail        |    32 |    99 ||   131
       Glaive            |       |     4 ||     4
  Use: Scroll            |     4 |     2 ||     6
Armor: Scale mail        |    72 |    77 ||   149
Dodge: Dodged            |    86 |   115 ||   201
Block: Buckler           |    23 |       ||    23

Table legend: (Time is in decaauts)
 A = Elapsed time spent in this place.
 B = Non-inter-level travel time spent in this place.
 C = Inter-level travel time spent in this place.
 D = Time resting spent in this place.
 E = Time spent auto-exploring this place.
 F = Levels seen in this place.
 G = Mean time per level.
                   A        B        C        D        E       F      G
               +--------+--------+--------+--------+--------+-----+--------+
         Total |   3169 |   3009 |    160 |    326 |   2226 |   4 |  792.2 |
       Dungeon |   3169 |   3009 |    160 |    326 |   2226 |   4 |  792.2 |
               +--------+--------+--------+--------+--------+-----+--------+

Top non-repeatable levels by time:
     D:3: 1223 daAuts
     D:1: 903 daAuts
     D:2: 733 daAuts
     D:4: 309 daAuts
